 Dungeon Crawl Stone Soup version 0.29-a0-617-g7a6b98fccd (webtiles) character file.

Game seed: 14561109222705617772

17 shoop the Insei (level 3, -3/28 HPs)
             Began as a Meteoran Transmuter on June 17, 2022.
             Was a Plaything of Xom.
             Slain by an iguana (12 damage)
             ... on level 2 of the Dungeon.
             The game lasted 00:02:34 (342 turns).

shoop the Insei (Meteoran Transmuter)                Turns: 342, Time: 00:02:35

Health: -3/28      AC:  3    Str: 13    XL:     3   Next: 2%
Magic:  8/8        EV: 27    Int: 17    God:    Xom [..*...]
Gold:   57         SH:  0    Dex: 14    Spells: 3/7 levels left

rFire   . . .      SeeInvis .     - Unarmed
rCold   . . .      Faith    .   (no shield)
rNeg    . . .      Spirit   .   j - +1 robe of Protective Custody {rElec Str+2 Archmagi}
rPois   .          Reflect  .   (no helmet)
rElec   +          Harm     .   (no cloak)
rCorr   .          Rampage  .   (no gloves)
Will    .....      Archmagi +   (no boots)
Stlth   +.........              c - amulet of the acrobat
HPRegen 0.09/turn               (no ring)
MPRegen 0.11/turn               (no ring)

@: acrobatic, glowing
A: sense surroundings 1, otherworldly, glowing, explore regen
a: Renounce Religion


You were on level 2 of the Dungeon.
You worshipped Xom.
You were a toy of Xom.
You visited 1 branch of the dungeon, and saw 2 of its levels.

You collected 57 gold pieces.

Inventory:

Armour
 a - a +0 robe
 j - the +1 robe of Protective Custody (worn) {rElec Str+2 Archmagi}
   (You found it on level 2 of the Dungeon)

   Str:       It affects your strength (+2).
   rElec:     It insulates you from electricity.
   Archmagi:  It increases the power of your magical spells.
Jewellery
 c - an amulet of the acrobat (around neck)
Scrolls
 e - a scroll of poison {unknown}
 f - a scroll of blinking {unknown}
 h - a scroll of enchant armour {unknown}
Potions
 b - a potion of lignification
 d - a potion of berserk rage {unknown}
 g - a potion of degeneration {unknown}
 i - a potion of invisibility {unknown}


   Skills:
 - Level 1.1 Fighting
 - Level 2.4 Dodging
 + Level 4.7 Unarmed Combat
 - Level 2.6 Spellcasting
 - Level 2.4 Transmutations
 + Level 0.0 Poison Magic


You had 3 spell levels left.
You knew the following spells:

 Your Spells              Type           Power      Damage    Failure   Level
a - Beastly Appendage     Tmut           30%        N/A       7%          1
b - Spider Form           Tmut/Pois      9%         N/A       32%         3

Your spell library contained the following spells:

 Spells                   Type           Power      Damage    Failure   Level
 Wereblood                Tmut           15%        N/A       10%         2
 Ice Form                 Ice/Tmut       9%         N/A       73%         4


Dungeon Overview and Level Annotations

Branches:
Dungeon (2/15) Zot: 862

Altars:
Xom


Innate Abilities, Weirdness & Mutations

You passively map a small area around you.
You are easily found by Zot.
You glow in the dark.
You regain HP and MP as you explore.


Message History

This spell is extremely dangerous to cast!
Memorise Spider Form, consuming 3 spell levels and leaving 3?
You start memorising the spell.
You continue memorising. x3
You finish memorising.
Spell assigned to 'b'.
An iguana comes into view.
Your magical contamination has completely faded away.
You hit the iguana. Your kick misses the iguana.
Your headbutt misses the iguana.
The iguana is lightly wounded.
Your transformation is almost over.
The iguana bites you.
You hit the iguana but do no damage.
The iguana is lightly wounded.
The iguana bites you but does no damage.
You barely miss the iguana. You claw the iguana, but do no damage.
The iguana is lightly wounded.
The iguana bites you.
You barely miss the iguana.
The iguana is lightly wounded.
The iguana bites you.
You hit the iguana but do no damage. Your headbutt misses the iguana.
The iguana is lightly wounded.
The iguana bites you.
You hit the iguana but do no damage. You claw the iguana.
The iguana is heavily wounded.
You closely miss the iguana. You claw the iguana, but do no damage.
The iguana is heavily wounded.
The iguana hisses menacingly.
The iguana closely misses you.
You hit the iguana but do no damage. Your kick misses the iguana.
The iguana is heavily wounded.
The iguana bites you.
You hit the iguana. You claw the iguana, but do no damage.
You headbutt the iguana, but do no damage.
The iguana is severely wounded.
Your horns disappear.
Your talons disappear.
The iguana bites you!
* * * LOW HITPOINT WARNING * * *
The iguana attacks as you move away! The iguana bites you!
You die...

,,..# , * #.# * ... *
#.#* ,* #.#* #.. * #.# ,
####.# * #.# ...#.# #.#
, #....###########.# * *
..#.)............###.#.#
.....######....l@......#
...........<########.#..
, ##>#.......## * * ,*
#.#######.. , #.# ##** *
##.# ...# ####


You could see an iguana.

Vanquished Creatures
  A worm (D:2)
  2 ball pythons
  2 bats (D:2)
  2 hobgoblins
  2 kobolds (D:1)
  3 goblins
12 creatures vanquished.

Notes
Turn   | Place    | Note
-------+----------+-------------------------------------------
     0 | D:1      | shoop the Meteoran Transmuter began the quest for the Orb.
     0 | D:1      | Reached XP level 1. HP: 16/16 MP: 5/5
    37 | D:1      | Found a faded altar of an unknown god.
    42 | D:1      | Prayed at the altar of an unknown god.
    42 | D:1      | Became a worshipper of Xom of Chaos
    61 | D:1      | XOM: silly message
    69 | D:1      | XOM: silly message
    79 | D:1      | Reached skill level 4 in Unarmed Combat
    79 | D:1      | Reached XP level 2. HP: 14/23 MP: 4/6
   292 | D:2      | Identified the +1 robe of Protective Custody {rElec Str+2
                  | Archmagi}
   312 | D:2      | Reached XP level 3. HP: 28/28 MP: 4/8
   316 | D:2      | Learned a level 3 spell: Spider Form
   342 | D:2      | Slain by an iguana

Illustrated notes

Levels and vault maps discovered:
D:1:      pf_arrival_petrified_forest, layout_rooms, basic_ecumenical_altar
D:2:      layout_loops_ring, serial_shops, shop, chequers_serial_rivers_room_b,
          uniq_jessica

Skill      XL: |  1 |
---------------+----+-----
Unarmed Combat | 4 |  4.7
Fighting       | |  1.1
Dodging        | |  2.4
Spellcasting   | |  2.6
Transmutations | |  2.4

Action                   || total
-------------------------++-------
Melee: Unarmed           ||    45
       Headbutt          ||     5
       Kick              ||     7
       Punch             ||     1
 Cast: Beastly Appendage ||     7
Armor: Robe              ||     5
Dodge: Dodged            ||    17

Table legend: (Time is in decaauts)
 A = Elapsed time spent in this place.
 B = Non-inter-level travel time spent in this place.
 C = Inter-level travel time spent in this place.
 D = Time resting spent in this place.
 E = Time spent auto-exploring this place.
 F = Levels seen in this place.
 G = Mean time per level.
                   A        B        C        D        E       F      G
               +--------+--------+--------+--------+--------+-----+--------+
         Total |    337 |    316 |     21 |      0 |      0 |   2 |  168.5 |
       Dungeon |    337 |    316 |     21 |      0 |      0 |   2 |  168.5 |
               +--------+--------+--------+--------+--------+-----+--------+

Top non-repeatable levels by time:
     D:1: 171 daAuts
     D:2: 166 daAuts
